 Dungeon Crawl Stone Soup version 0.18.1-5-g4a78601 (webtiles) character file.

50754 protoss039 the Bludgeoner (level 14, -22/94 HPs)
             Began as a Gargoyle Berserker on May 8, 2016.
             Was an Elder of Trog.
             Shot with a bolt by Saint Roka (25 damage)
             ... on level 15 of the Dungeon on May 9, 2016.
             The game lasted 02:06:59 (17676 turns).

protoss039 the Bludgeoner (Gargoyle Berserker)     Turns: 17676, Time: 02:07:00

Health: -22/94     AC: 35    Str: 26    XL:     14   Next: 56%
Magic:  14/14      EV: 12    Int:  8    God:    Trog [****..]
Gold:   623        SH:  0    Dex:  9    Spells: 0 memorised, 13 levels left

rFire  . . .     SeeInvis +     H - +2 morningstar
rCold  . . .     Gourm    +     w - +1 shadow dragon armour
rNeg   + . .     Faith    .     (no shield)
rPois  ∞         Spirit   .     y - +0 helmet
rElec  +         Dismiss  .     d - +0 cloak
rCorr  .         Reflect  .     u - +2 pair of gloves
SustAt .         Harm     .     q - +1 pair of boots
MR     ++...                    D - amulet of the gourmand
Stlth  +++.......               z - ring of protection from magic
                                v - ring of see invisible

@: exhausted, about to teleport, slowed, very slow, very resistant to hostile
enchantments, fairly stealthy
A: big wings, negative energy resistance 1, electricity resistance, unbreathing,
petrification resistance, rot immunity, AC +9
a: Fly, Berserk, Trog's Hand, Brothers in Arms, Burn Spellbooks, Renounce
Religion


You were on level 15 of the Dungeon.
You worshipped Trog.
Trog was greatly pleased with you.
You were not hungry.

You visited 2 branches of the dungeon, and saw 16 of its levels.
You visited 1 bazaar.

You collected 1040 gold pieces.
You spent 417 gold pieces at shops.

Inventory:

Hand Weapons
 H - a +2 morningstar (weapon)
Armour
 d - a +0 cloak (worn)
 q - a +1 pair of boots (worn)
 u - a +2 pair of gloves (worn)
 w - a +1 shadow dragon armour (worn)
 y - a +0 helmet (worn)
Jewellery
 m - an uncursed ring of ice
 n - an uncursed ring of stealth
 o - an uncursed ring of fire
 v - a ring of see invisible (left hand)
 z - a ring of protection from magic (right hand)
 D - an amulet of the gourmand (around neck)
 O - an uncursed ring of sustain attributes
 P - an uncursed ring of positive energy
Wands
 a - a wand of iceblast (4/15)
 k - a wand of flame (23/48)
 p - a wand of acid (8/15)
 r - a wand of slowing (31/48)
 s - a wand of polymorph (13/24)
 G - a wand of lightning (8/15)
 I - a wand of slowing (32/48)
 J - a wand of iceblast (3/15)
 X - a wand of disintegration (17/24)
 Y - a wand of heal wounds (1/9)
Scrolls
 b - a scroll of brand weapon
 e - a scroll of fear
 f - 3 scrolls of remove curse
 l - 2 scrolls of teleportation
 A - a scroll of identify
 B - 3 scrolls of enchant weapon
 E - a scroll of silence
 K - a scroll of acquirement
 N - 3 scrolls of blinking
 R - 2 scrolls of recharging
 V - a scroll of enchant armour
 Z - a scroll of fog
Potions
 h - a potion of lignification {unknown}
 j - 2 potions of flight
 t - 4 potions of heal wounds
 x - a potion of berserk rage {unknown}
 C - a potion of cure mutation
 L - 2 potions of magic {unknown}
 M - 7 potions of curing
 Q - a potion of agility {unknown}
 S - a potion of resistance {unknown}
 T - a potion of brilliance {unknown}
 W - a potion of might {unknown}
Comestibles
 c - 4 bread rations
 g - 3 meat rations
 i - 4 royal jellies
 F - 2 fruits


   Skills:
 + Level 13.5 Fighting
 + Level 15.2 Maces & Flails
 + Level 11.8 Armour
 + Level 9.5 Dodging
 - Level 2.6 Stealth
 - Level 0.1 Evocations


You had 13 spell levels left.
You didn't know any spells.

Dungeon Overview and Level Annotations

Branches:
Dungeon (15/15)            Temple (0/1) D:4            Lair (0/8) D:10
    Orc (0/2) D:11         Vaults (0/5) D:14         Depths (1/5) D:15

Altars:
Cheibriados
Dithmenos
Fedhas
Gozag
Qazlal
Sif Muna
Trog
Xom
Zin
The Shining One
Beogh

Shops:
D:8 [?(=?   D:9 (   D:10 *   D:13 [

Portals:
Ziggurat: Depths:1

Annotations:
D:15 Saint Roka


Innate Abilities, Weirdness & Mutations

You are resistant to torment.
Your stone body is resilient (AC +9).
You are immune to poison.
Your large and strong wings let you fly indefinitely.
You resist negative energy.
You are resistant to electric shocks.
You can survive without breathing.
You are immune to petrification.
You are immune to rotting.


Message History

Press: ? - help, Shift-Dir - straight line, f/p - Saint Roka
Aim: Saint Roka, wielding an arbalest and wearing a chain mail The bolt of acid hits Saint Roka.
Saint Roka appears unharmed.
This wand has 8 charges left.
Your skin stops crawling.
You feel less resistant to hostile enchantments.
Saint Roka shoots a bolt.
The bolt hits you!
Saint Roka calls down the wrath of Beogh upon you.
Beogh smites you!
* * * LOW HITPOINT WARNING * * *
Saint Roka shoots a bolt.
The bolt hits you but does no damage.
You see here a bolt.
Saint Roka shoots a bolt.
The bolt hits you!
* * * LOW HITPOINT WARNING * * *
You see here a bolt.
As you read the scroll of teleportation, it crumbles to dust.
You feel strangely unstable.
Saint Roka says, "Down here, you're an orc or you're nobody."
Saint Roka shoots a bolt.
The bolt hits you!!
You die...

############# #......####..
##((...## #......##....
##...o(((####....###.###
##########..#####o.# #.#### #.# #
..))(.(.##.(#§..#..###.######.# #
..###...##..§§>.#..'.#........###
.##.##(.##..#o..#(.#.#########[..
)#...#..##..#####(.#.............
.#.∩.#..###.....@.###....#####[..
.#...#((# ##.....## #............
.##.##.(########## #.....####...
..#'#.(((.....# #........####
.....[..#.###.# #....###.#
........#.# #.# #....# #.#
#######.### #.# #....# #.#
#.....# #.# #....###.####
###.##### #.##### #....##......


You could see Saint Roka.

Vanquished Creatures
  Rupert (D:14)
  2 ogre magi (D:15)
  3 hydras
  5 centaur warriors
  An anaconda (shapeshifter) (D:14)
  2 skeletal warriors (D:11)
  3 unseen horrors
  A deep troll (D:14)
  4 hill giants
  3 cyclopes
  2 deep elf magi
  2 ugly things
  2 orc sorcerers (D:15)
  2 griffons
  A manticore (D:15)
  2 naga magi (D:15)
  Psyche (D:8)
  An elephant (D:10)
  A guardian serpent (shapeshifter) (D:14)
  A komodo dragon (D:11)
  An efreet (D:14)
  3 yaktaurs (D:15)
  2 kobold demonologists
  2 trolls
  8 two-headed ogres
  12 slime creatures
  A spriggan (D:8)
  A vampire (D:12)
  A wyvern (D:15)
  3 shadows
  2 flying skulls (D:10)
  10 yaks
  3 wraiths (D:14)
  2 hungry ghosts (D:13)
  2 basilisks
  2 steam dragons
  A redback simulacrum (D:14)
  5 hippogriffs
  The ghost of HungrySpirit the Chiller, an amateur FoIE (D:4)
  2 wargs (D:15)
  6 vampire mosquitoes
  A mottled dragon (D:11)
  3 soldier ants
  5 sky beasts
  6 ice beasts
  10 orc warriors
  A wasp (D:12)
  4 black bears
  2 phantoms
  2 eyes of draining (D:13)
  4 necrophages
  13 ogres
  28 centaurs
  2 crocodiles (D:10)
  12 big kobolds
  A gnoll sergeant (D:8)
  8 giant frogs
  A wyvern zombie (D:11)
  4 wyvern skeletons
  5 killer bees (D:12)
  14 wights
  4 howler monkeys
  7 crimson imps
  2 giant frog zombies
  11 centaur zombies
  A quasit (D:7)
  8 centaur skeletons
  5 giant frog skeletons
  13 orc priests
  7 hounds
  A jelly (D:11)
  13 orc wizards
  2 iguanas
  6 worker ants
  A killer bee zombie (D:11)
  2 hound skeletons
  A mummy (D:6)
  7 worker ant zombies
  9 gnolls
  2 howler monkey skeletons (D:11)
  8 adders
  4 shadow imps
  2 oozes
  An adder zombie (D:7)
  3 adder skeletons
  5 worms
  4 dart slugs
  3 giant geckos
  38 orcs
  4 ball pythons
  7 giant cockroaches
  9 hobgoblins
  7 jackals (D:1)
  24 kobolds
  5 quokkas
  7 bats
  A giant gecko zombie (D:6)
  7 giant newts
  5 goblins
  4 orc zombies (D:6)
  9 rats
495 creatures vanquished.

Vanquished Creatures (collateral kills)
  An unseen horror (D:14)
  A hill giant (D:14)
  An efreet (D:14)
  A hippogriff (D:14)
4 creatures vanquished.

Vanquished Creatures (others)
  The ghost of vatarom the Destroyer, a novice DrCj of Ashenzari (D:10)
  A phantom (D:10)
  A giant frog (D:10)
  A scorpion (D:10)
  An orc priest (D:10)
  An orc (D:10)
  3 fulminant prisms (D:10)
9 creatures vanquished.

Grand Total: 508 creatures vanquished

Notes
Turn   | Place    | Note
--------------------------------------------------------------
     0 | D:1      | protoss039 the Gargoyle Berserker began the quest for the Orb.
     0 | D:1      | Reached XP level 1. HP: 14/14 MP: 1/1
    91 | D:1      | Reached XP level 2. HP: 7/19 MP: 2/2
   670 | D:1      | Reached XP level 3. HP: 17/24 MP: 3/3
   755 | D:1      | Reached ** piety under Trog
  1363 | D:2      | Found a glowing golden altar of the Shining One.
  1418 | D:2      | Reached XP level 4. HP: 22/29 MP: 4/4
  1500 | D:2      | Found a deep blue altar of Sif Muna.
  1505 | D:2      | Found a shimmering altar of Xom.
  1509 | D:2      | Found a snail-covered altar of Cheibriados.
  1539 | D:2      | Found a bloodstained altar of Trog.
  2314 | D:3      | Reached *** piety under Trog
  2534 | D:4      | Reached XP level 5. HP: 11/33 MP: 5/5
  2729 | D:4      | Noticed a centaur
  2731 | D:4      | Found a blossoming altar of Fedhas.
  2787 | D:4      | Killed a centaur
  2979 | D:4      | Noticed HungrySpirit's ghost (amateur FoIE)
  3000 | D:4      | Killed HungrySpirit's ghost
  3000 | D:4      | Reached skill level 4 in Maces & Flails
  3000 | D:4      | Reached XP level 6. HP: 39/39 MP: 6/6
  3046 | D:4      | Found a staircase to the Ecumenical Temple.
  3324 | D:4      | Reached XP level 7. HP: 44/44 MP: 7/7
  3334 | D:4      | Upgraded the game from 0.18.1-2-ga659475 to 0.18.1-5-g4a78601
  3687 | D:4      | Reached skill level 5 in Fighting
  3746 | D:4      | Reached skill level 1 in Stealth
  4223 | D:5      | Entered Level 5 of the Dungeon
  4478 | D:5      | Reached skill level 5 in Maces & Flails
  4824 | D:5      | Reached skill level 5 in Dodging
  4824 | D:5      | Reached XP level 8. HP: 50/50 MP: 8/8
  6157 | D:6      | Reached skill level 6 in Maces & Flails
  6330 | D:6      | Reached XP level 9. HP: 28/55 MP: 9/9
  6876 | D:7      | Reached skill level 5 in Armour
  7139 | D:7      | Found a glowing golden altar of the Shining One.
  7235 | D:8      | Found Ostroteos's Jewellery Boutique.
  7261 | D:7      | Reached **** piety under Trog
  7279 | D:7      | Reached skill level 7 in Maces & Flails
  7537 | D:8      | Found Asua's Magic Scroll Boutique.
  7544 | D:8      | Bought a scroll of identify for 26 gold pieces
  7544 | D:8      | Bought a scroll of identify for 26 gold pieces
  7572 | D:8      | Found Kaperr's Antique Weapon Shop.
  7652 | D:8      | Found Erahis's Magic Scroll Shop.
  7661 | D:8      | Bought a scroll of identify for 22 gold pieces
  7661 | D:8      | Bought a scroll of identify for 22 gold pieces
  7661 | D:8      | Bought a scroll of identify for 22 gold pieces
  7661 | D:8      | Bought a scroll of identify for 22 gold pieces
  7661 | D:8      | Bought a scroll of identify for 22 gold pieces
  7661 | D:8      | Bought a scroll of identify for 22 gold pieces
  7661 | D:8      | Bought a scroll of identify for 22 gold pieces
  7738 | D:8      | Reached skill level 8 in Maces & Flails
  7738 | D:8      | Reached XP level 10. HP: 64/64 MP: 10/10
  7781 | D:8      | Found Utti's Antique Armour Emporium.
  8125 | D:8      | Found an opulent altar of Gozag.
  8126 | D:8      | Found a glowing silver altar of Zin.
  8170 | D:9      | Found a shadowy altar of Dithmenos.
  8170 | D:9      | Noticed Psyche
  8195 | D:8      | Killed Psyche
  8311 | D:9      | Found a stormy altar of Qazlal.
  8710 | D:9      | Found Bievos's Antique Weapon Shoppe.
  8753 | D:9      | Identified a scroll of acquirement
  8764 | D:9      | Gained mutation: You are resistant to hostile enchantments. [potion of mutation]
  8764 | D:9      | Gained mutation: You are agile. (Dex +2) [potion of mutation]
  8764 | D:9      | Gained mutation: You regenerate slowly when monsters are visible. [potion of mutation]
  8769 | D:9      | Lost mutation: You are agile. (Dex +2) [potion of mutation]
  8769 | D:9      | Gained mutation: You are somewhat resistant to further mutation. [potion of mutation]
  8769 | D:9      | Gained mutation: You are agile. (Dex +2) [potion of mutation]
  9031 | D:10     | Entered Level 10 of the Dungeon
  9084 | D:10     | Reached skill level 9 in Maces & Flails
  9124 | D:10     | Noticed an elephant
  9126 | D:10     | Noticed vatarom's ghost (novice DrCj)
  9145 | D:10     | Noticed a red ugly thing
  9476 | D:9      | Lost mutation: You are resistant to hostile enchantments. [potion of cure mutation]
  9476 | D:9      | Lost mutation: You regenerate slowly when monsters are visible. [potion of cure mutation]
  9476 | D:9      | Lost mutation: You are somewhat resistant to further mutation. [potion of cure mutation]
  9476 | D:9      | Lost mutation: You are agile. (Dex +2) [potion of cure mutation]
  9508 | D:10     | Killed a red ugly thing
  9621 | D:10     | Killed an elephant
  9621 | D:10     | Reached XP level 11. HP: 71/71 MP: 11/11
  9630 | D:10     | Killed vatarom's ghost
  9686 | D:10     | Reached skill level 10 in Maces & Flails
  9734 | D:10     | Found a staircase to the Lair.
  9975 | D:10     | Reached skill level 10 in Fighting
 10255 | D:10     | Found Gaud Itz's Assorted Antiques.
 10263 | D:10     | Bought a runed cloak for 108 gold pieces
 10451 | D:11     | Found a staircase to the Orcish Mines.
 10535 | D:11     | Found a roughly hewn altar of Beogh.
 10586 | D:11     | Noticed a skeletal warrior
 10587 | D:11     | Noticed a skeletal warrior
 10702 | D:11     | Killed a skeletal warrior
 10762 | D:11     | Killed a skeletal warrior
 10784 | D:11     | Reached skill level 11 in Maces & Flails
 10925 | D:11     | Noticed an unseen horror
 10930 | D:11     | Killed an unseen horror
 10930 | D:11     | Reached XP level 12. HP: 79/79 MP: 12/12
 11605 | D:12     | Reached skill level 12 in Maces & Flails
 12222 | D:12     | Noticed a five-headed hydra
 12239 | D:12     | Killed a five-headed hydra
 13346 | D:12     | Reached skill level 10 in Armour
 13612 | D:12     | Reached XP level 13. HP: 76/85 MP: 13/13
 13819 | D:13     | Reached skill level 13 in Maces & Flails
 14538 | D:13     | Found Ruczeat's Armour Shop.
 14884 | D:14     | Noticed Rupert
 14903 | D:14     | Killed Rupert
 15282 | D:14     | Reached skill level 14 in Maces & Flails
 15594 | D:14     | Noticed a great orb of eyes
 15594 | D:14     | a hill giant changed into a great orb of eyes
 15598 | D:14     | a great orb of eyes changed into an anaconda
 15876 | D:14     | Gained mutation: Your large and strong wings let you fly indefinitely. [Gargoyle growth]
 15876 | D:14     | Reached XP level 14. HP: 94/94 MP: 14/14
 15893 | D:14     | Found a gate to the Vaults.
 16254 | D:15     | Entered Level 15 of the Dungeon
 16918 | D:15     | Found a staircase to the Depths.
 16983 | D:15     | Found a shadowy altar of Dithmenos.
 17022 | D:15     | Reached skill level 15 in Maces & Flails
 17335 | D:15     | Found a gateway to a bazaar.
 17378 | D:15     | Paralysed by an ogre mage for 2 turns
 17394 | Bazaar   | Entered a bazaar
 17394 | Bazaar   | Found Bamakhlek's Gadget Emporium.
 17394 | Bazaar   | Found Ydeany's Magic Scroll Shop.
 17394 | Bazaar   | Found Egroq's Weapon Shoppe.
 17394 | Bazaar   | Found Qein's Distillery.
 17396 | Bazaar   | Found Mievumix's Magic Scroll Boutique.
 17452 | Bazaar   | Bought a scroll of fog for 18 gold pieces
 17452 | Bazaar   | Bought a scroll of enchant weapon for 67 gold pieces
 17452 | Bazaar   | Bought a scroll of fog for 18 gold pieces
 17639 | Depths:1 | Entered Level 1 of the Depths
 17639 | Depths:1 | Found a gateway to a ziggurat.
 17639 | Depths:1 | Noticed an angel
 17639 | Depths:1 | Noticed Saint Roka
 17674 | D:15     | HP: 2/94 [Saint Roka/bolt (16)]
 17676 | D:15     | Shot with a bolt by Saint Roka

Skill      XL: |  1  2  3  4  5  6  7  8  9 10 11 12 13 14 |
---------------+-------------------------------------------+-----
Dodging        | 2 3 4 5 6 7 8 9 |  9.5
Fighting       | 4 5 6 7 9 10 11 13 | 13.5
Maces & Flails | 4 5 6 8 9 11 12 14 15 | 15.2
Armour         | 3 4 6 7 8 10 11 | 11.8
Stealth        | 1 2 |  2.6
Evocations     | |  0.1

Action                   |  1- 3 |  4- 6 |  7- 9 | 10-12 | 13-15 || total
-------------------------+-------+-------+-------+-------+-------++-------
Melee: Mace              |   151 |   190 |   258 |       |       ||   599
       Morningstar       |       |       |   287 |   928 |   597 ||  1812
Invok: Berserk           |     1 |     3 |    11 |    20 |    12 ||    47
       Trog's Hand       |       |     2 |     9 |    21 |    15 ||    47
       Burn Spellbooks   |       |       |       |     1 |       ||     1
       Brothers in Arms  |       |       |       |       |     1 ||     1
Evoke: Wand              |       |     1 |       |     8 |     5 ||    14
  Use: Scroll            |     1 |     2 |     8 |    26 |     7 ||    44
       Potion            |       |       |     1 |     3 |       ||     4
 Stab: Sleeping          |     1 |       |       |     2 |     8 ||    11
       Distracted        |       |       |       |     2 |       ||     2
  Eat: Chunk             |     3 |       |     9 |    16 |    10 ||    38
       Meat ration       |       |     1 |     1 |     3 |       ||     5
       Bread ration      |       |     1 |     3 |     3 |     3 ||    10
       Fruit             |       |       |     1 |       |     2 ||     3
       Beef jerky        |       |       |       |     1 |       ||     1
Armor: Animal skin       |    24 |       |       |       |       ||    24
       Leather armour    |    41 |   122 |    86 |       |       ||   249
       Ring mail         |       |       |    33 |       |       ||    33
       Chain mail        |       |       |   261 |   235 |       ||   496
       Scale mail        |       |       |     7 |       |       ||     7
       Skin              |       |       |     1 |     1 |       ||     2
       Shadow dragon arm |       |       |       |   584 |   476 ||  1060
Dodge: Dodged            |   101 |   167 |   386 |   734 |   356 ||  1744
